Map: New Gettysburg LE

Players

Gracz - Winner!

  • Race: Zerg Zerg
  • League: Silver

Defisto

  • Race: Protoss Protoss

VOD

Have the link to the VOD?

Description

Time

  • Played on: Oct. 10, 2016, 12:44 p.m.
  • Length: 3:03
Show
View Real Time Build Order
Export as new Build Order

Gracz Zerg - Winner!

Build Orders: Pool First 

Get SALT Encoding   

  12  0:01  Drone  
  13  0:12  Drone  
  14  0:28  Spawning Pool  
  13  0:59  Hatchery  
  12  1:04  Drone x2  
  12  1:11  Overlord  
  14  1:29  Zergling x4  
  16  1:41  Zergling x2  
  16  1:43  Queen  
  19  2:15  Queen  
  21  2:16  Spine Crawler, Zergling x2  
  21  2:27  Roach Warren  
  20  2:30  Extractor  
  20  2:31  Drone x3  
  20  2:36  Zergling x4  
Show
View Real Time Build Order
Export as new Build Order

Defisto Protoss 

Build Orders: Forge Fast Expand (FFE) 

Get SALT Encoding   

  12  0:14  Pylon  
  12  0:18  Probe (Chrono Boost)  
  13  0:30  Probe (Chrono Boost)  
  14  0:45  Forge  
  14  0:47  Probe (Chrono Boost)  
  15  0:57  Pylon  
  15  1:07  Probe (Chrono Boost)  
  16  1:19  Probe (Chrono Boost)  
  17  1:39  Nexus  
  17  2:05  Photon Cannon  
  17  2:07  Photon Cannon  
  17  2:19  Pylon  
  17  2:46  Gateway  
  17  2:52  Photon Cannon  
Tags
 
Add a new tag
Caveats
  • Supply blocks, unpowered buildings, or Contaminate may cause inaccurate times.
  • Supply counts are checked every 10 seconds.